Map: Orbital Shipyard

Players

SortOf

  • Race: Zerg Zerg
  • League: Grandmaster

Dayshi - Winner!

  • Race: Terran Terran
  • League: Grandmaster

Event: 2016 WCS Winter Challenger Europe

VOD

Have the link to the VOD?

Description

Time

  • Played on: Feb. 13, 2016, 1:47 p.m.
  • Length: 8:56

All games in this series

Show
View Real Time Build Order
Export as new Build Order

SortOf Zerg 

Build Orders: Hatch First 

Get SALT Encoding   

  12  0:00  Drone  
  13  0:12  Overlord  
  13  0:17  Drone  
  14  0:31  Drone  
  14  0:32  Drone  
  16  0:35  Drone  
  17  0:46  Drone  
  18  0:57  Hatchery  
  18  1:03  Drone  
  18  1:08  Extractor  
  17  1:15  Drone  
  18  1:21  Spawning Pool  
  18  1:23  Drone  
  18  1:33  Drone  
  19  1:42  Drone  
  20  1:50  Overlord  
  20  2:08  Queen  
  22  2:09  Zergling x2, Queen  
  22  2:10  Zergling x2  
  22  2:12  Metabolic Boost  
  27  2:15  Zergling x2  
  27  2:20  Drone  
  28  2:25  Drone  
  29  2:30  Drone  
  30  2:40  Drone  
  31  2:45  Queen  
  31  2:48  Overlord  
  31  2:49  Drone  
  34  3:02  Overlord  
  34  3:04  Drone x2  
  36  3:06  Drone  
  37  3:13  Overlord  
  37  3:20  Drone x6  
  42  3:34  Hatchery  
  41  3:38  Zergling x4  
  41  3:39  Queen  
  45  3:42  Roach Warren  
  45  3:44  Drone  
  45  3:45  Drone  
  46  3:50  Overlord  
  46  3:52  Drone  
  46  3:55  Zergling x4  
  47  4:04  Drone  
  47  4:05  Overlord  
  47  4:09  Drone x4  
  52  4:10  Extractor  
  52  4:11  Extractor  
  50  4:24  Roach  
  50  4:25  Roach  
  50  4:28  Roach x2  
  58  4:37  Lair, Spore Crawler  
  57  4:40  Drone  
  57  4:42  Drone x6  
  64  4:46  Roach  
  66  4:58  Spore Crawler  
  65  5:00  Drone x3  
  65  5:05  Drone x2  
  70  5:11  Drone x4, Spore Crawler  
  71  5:15  Evolution Chamber  
  71  5:17  Evolution Chamber  
  71  5:18  Drone x5  
  74  5:33  Zergling x2  
  73  5:36  Glial Reconstitution  
  73  5:39  Overlord x2, Extractor  
  73  5:42  Overlord x3, Extractor  
  71  5:44  Zerg Ground Armor Level 1  
  71  5:45  Zerg Melee Weapons Level 1  
  71  5:48  Extractor  
  70  5:56  Queen  
  67  5:58  Drone x3  
  67  5:59  Drone x5  
  77  6:07  Drone x3  
  77  6:09  Overseer  
  77  6:16  Drone x2  
  77  6:17  Drone  
  77  6:18  Drone x3  
  85  6:25  Roach  
  85  6:26  Roach x3  
  85  6:28  Drone  
  85  6:30  Infestation Pit  
  91  6:37  Roach  
  91  6:38  Roach  
  95  6:40  Hatchery  
  95  6:44  Overlord  
  95  6:46  Zergling x14  
  101  6:52  Overlord x2  
  101  6:58  Overlord  
  101  7:05  Roach x3  
  101  7:07  Overlord x2  
  104  7:12  Ravager x8  
  104  7:13  Roach  
  104  7:14  Roach x4  
  116  7:19  Roach x2  
  118  7:25  Roach  
  118  7:26  Roach x2  
  122  7:35  Drone x3  
  122  7:36  Drone x3  
  127  7:43  Drone x4  
  120  7:47  Queen x2  
  115  8:00  Extractor  
  115  8:02  Drone x5  
  115  8:03  Drone  
  117  8:16  Zergling x2  
  117  8:17  Zergling x4  
  120  8:22  Hatchery, Zergling x8  
  123  8:30  Ravager  
Show
View Real Time Build Order
Export as new Build Order

Dayshi Terran - Winner!

Build Orders: Reaper Expand, Hellion Banshee, MMM Bio 

Get SALT Encoding   

  12  0:01  SCV  
  13  0:13  SCV  
  14  0:18  Supply Depot  
  14  0:25  SCV  
  15  0:40  SCV  
  15  0:42  Barracks  
  16  0:44  Refinery  
  16  0:52  SCV  
  17  1:04  SCV  
  18  1:12  Refinery  
  18  1:17  SCV  
  19  1:35  Reaper, Orbital Command  
  20  1:47  Command Center  
  20  1:54  Supply Depot  
  20  2:01  SCV  
  21  2:10  Factory  
  22  2:16  SCV  
  22  2:21  Barracks Reactor  
  22  2:28  SCV  
  23  2:40  SCV  
  24  2:53  SCV  
  25  2:59  Starport  
  25  3:00  Orbital Command  
  25  3:05  SCV  
  26  3:08  Hellion  
  26  3:09  Hellion  
  26  3:11  Barracks Tech Lab  
  30  3:17  SCV  
  31  3:26  SCV  
  32  3:30  SCV, Hellion x2  
  32  3:32  Supply Depot  
  37  3:38  SCV  
  38  3:44  Barracks Tech Lab  
  38  3:45  Banshee  
  38  3:47  SCV  
  42  3:50  SCV  
  43  3:55  Supply Depot  
  43  3:59  SCV, Hellion x2  
  46  4:02  SCV  
  46  4:11  SCV, Stimpack, Marine  
  46  4:16  SCV  
  49  4:23  Command Center, SCV  
  50  4:25  Supply Depot  
  51  4:31  SCV  
  51  4:38  Barracks  
  51  4:39  Barracks  
  51  4:40  SCV  
  51  4:42  Viking  
  51  4:43  SCV  
  55  4:48  Siege Tank  
  55  4:52  SCV  
  59  4:55  SCV  
  60  5:00  Marine  
  60  5:04  SCV  
  60  5:06  Engineering Bay x2  
  62  5:07  SCV  
  63  5:16  SCV, Starport Reactor  
  63  5:19  Refinery, SCV  
  63  5:20  Refinery  
  65  5:24  Barracks x2  
  65  5:28  SCV  
  64  5:31  SCV  
  65  5:35  Marine  
  65  5:36  Marine x2  
  65  5:37  Orbital Command  
  65  5:39  Barracks Reactor  
  65  5:40  SCV  
  65  5:41  Siege Tank  
  72  5:46  SCV  
  73  5:52  SCV  
  73  5:54  Medivac x2  
  73  5:56  Marine  
  73  5:57  Marine x2  
  76  5:59  SCV  
  76  6:04  SCV x2  
  79  6:11  Terran Infantry Weapons Level 1, SCV, Terran Infantry Armor Level 1  
  81  6:12  Armory  
  81  6:16  Supply Depot  
  81  6:17  SCV  
  82  6:18  Supply Depot  
  82  6:24  Marine x3  
  82  6:25  Barracks Reactor x2  
  85  6:31  Combat Shields  
  85  6:35  Supply Depot  
  85  6:37  SCV x2, Marine x2  
  85  6:39  Supply Depot, SCV  
  90  6:40  Supply Depot  
  90  6:42  Marine x2  
  92  6:49  SCV x2  
  92  6:51  SCV  
  92  6:52  Siege Tank  
  96  7:00  Marine x4  
  100  7:01  SCV x2  
  100  7:03  SCV  
  103  7:09  Marine x4  
  103  7:10  Marine  
  110  7:17  SCV  
  110  7:18  Marine x4  
  110  7:20  Command Center  
  112  7:24  Barracks  
  112  7:25  Barracks, SCV x2  
  112  7:27  Marine  
  112  7:28  Marauder  
  115  7:35  Marine x3  
  115  7:36  Marine x2  
  104  7:47  Marine  
  104  7:48  Marine x2  
  104  7:49  Marauder  
  109  7:53  Siege Tank, Marine x4  
  109  7:54  Medivac x2  
  109  7:55  Marine  
  109  7:57  SCV x3  
  124  8:05  Marine  
  125  8:14  Barracks Tech Lab, Marine x5  
  125  8:15  Refinery x2, Marauder, Barracks Tech Lab  
  125  8:17  Supply Depot  
  125  8:18  Marine  
  125  8:19  Marine  
  134  8:22  Missile Turret  
  134  8:23  Medivac, Marine  
  134  8:24  Medivac  
  139  8:32  Marine  
  140  8:35  Command Center  
  140  8:36  Marine x4  
  140  8:37  Marine  
  140  8:39  Factory Reactor  
  140  8:40  Barracks  
Tags
 
Add a new tag
Caveats
  • Supply blocks, unpowered buildings, or Contaminate may cause inaccurate times.
  • Supply counts are checked every 10 seconds.